 Dungeon Crawl Stone Soup version 0.32-a0-576-g706899e69d (webtiles) character file.

Game seed: 6928165482803282268

100 juan097 the Insei (level 4, -3/29 HPs)
             Began as an Octopode Shapeshifter on Mar 1, 2024.
             Splashed by a jelly's acid (7 damage)
             ... on level 4 of the Dungeon.
             The game lasted 00:06:04 (1642 turns).

juan097 the Insei (Octopode Shapeshifter)           Turns: 1642, Time: 00:06:04

Health: -3/29      AC: -7    Str: 10 (13) XL:     4   Next: 74%
Magic:  4/4        EV: 13    Int: 21 (24) God:
Gold:   122        SH:  0    Dex: 10 (13) Spells: 3/3 levels left

rFire   . .          .
                       - Unarmed
rCold   . . .        (no shield)
rNeg    . . .        (helmet currently unavailable)
rPois   .            l - amulet of the acrobat
rElec   .            m - +6 ring of intelligence
rCorr   .            p - +6 ring of intelligence
SInv    .            (no ring)
Will    .....        (no ring)
Stlth   +++          (no ring)
HPRegen 0.24/turn    (no ring)
MPRegen 0.09/turn    (no ring)
                     (no ring)

%: acrobat
@: beast-form, corroded
A: beast (slay +1), almost no armour, amphibious, 8 rings, camouflage 1,
gelatinous body 1, (nimble swimmer 1), tentacles
a: Begin Untransformation


You were on level 4 of the Dungeon.
You were a hulking beast.
You visited 1 branch of the dungeon, and saw 4 of its levels.

You collected 122 gold pieces.

Inventory:

Missiles
 e - 22 stones
 n - 4 poisoned darts (quivered)
Jewellery
 l - an amulet of the acrobat (around mantle)
 m - a +6 ring of intelligence (left tentacle)
 p - a +6 ring of intelligence (right tentacle)
Talismans
 b - a beast talisman (active)
 c - a flux talisman
Scrolls
 g - a scroll of silence {unknown}
 h - 2 scrolls of noise {unknown}
 i - 6 scrolls of identify {unknown}
 k - a scroll of poison {unknown}
 o - 2 scrolls of enchant armour {unknown}
Potions
 a - a potion of lignification
 d - a potion of magic {unknown}
 j - a potion of degeneration


   Skills:
 + Level 1.8 Fighting
 + Level 2.5 Dodging
 + Level 2.2 Stealth
 * Level 4.0 Unarmed Combat
 + Level 3.3 Shapeshifting


You had 3 spell levels left.
You didn't know any spells.
Your spell library was empty.

Dungeon Overview and Level Annotations

Branches:
Dungeon (4/15)
 Temple: D:4-7

Altars:
Ashenzari


Innate Abilities, Weirdness & Mutations

You are a hulking beast.
Your limbs bulge with bestial killing power. (Slay +1)
You cannot wear most types of armour.
You are amphibious.
You can wear up to eight rings at the same time.
Your skin changes colour to match your surroundings (Stealth+).
Your rubbery body absorbs attacks. (AC +1, EV +1)
((You are camouflaged when in or above water. (Stealth+)))
You have tentacles for arms and can constrict up to eight enemies at once.


Message History

The jelly is lightly wounded.
The jelly hits you.
You are splashed with acid!
You are too injured to fight recklessly!
You are too injured to fight recklessly!
You are too injured to fight recklessly!
You tentacle-slap the jelly.
Your tentacles burn!
The jelly is moderately wounded.
The jelly misses you.
You tentacle-slap the jelly but do no damage.
Your tentacles burn!
The jelly is moderately wounded.
The jelly misses you.
You tentacle-slap the jelly.
Your tentacles burn!
The jelly is moderately wounded.
The jelly hits you.
* * * LOW HITPOINT WARNING * * *
The acid corrodes you!
You are splashed with acid.
* * * LOW HITPOINT WARNING * * *
You tentacle-slap the jelly.
Your tentacles burn!
* * * LOW HITPOINT WARNING * * *
The jelly is heavily wounded.
The jelly misses you.
It was a potion of degeneration.
There was something very wrong with that liquid.
You feel weakened.
You feel dopey.
You feel clumsy. The jelly barely misses you.
It was a potion of curing.
You feel better. The jelly barely misses you.
You barely miss the jelly.
The jelly is heavily wounded.
The jelly barely misses you.
You completely miss the jelly.
The jelly is heavily wounded.
The jelly barely misses you.
You tentacle-slap the jelly.
Your tentacles burn!
* * * LOW HITPOINT WARNING * * *
The jelly is severely wounded.
The jelly hits you.
* * * LOW HITPOINT WARNING * * *
The acid corrodes you!
You are splashed with acid!
You die...

###..<.#.#.# ####.###.#.#
.........#.## ............#
#####.......## #
##........##
..##.#.#......## #####
..##.....#'##..#######.....
..+†#.#.#..###..hJ....#...#
..#.......## #####.........
.....#.#...# #....#.g.
........##.## #..((.....
......#...... #....#####
[.....###.... ####.#
##....###.... ..
.##.......... ...
..#.......... ...


You could see a jelly.

Vanquished Creatures
  A bombardier beetle (D:4)
  A ribbon worm (D:2)
  3 dart slugs
  An orc (D:4)
  6 ball pythons
  2 bats
  8 endoplasms
  A giant cockroach (D:3)
  9 goblins
  9 hobgoblins
  4 kobolds
  3 quokkas
  4 frilled lizards
  2 rats
54 creatures vanquished.

Notes
Turn   | Place    | Note
-------+----------+-------------------------------------------
     0 | D:1      | juan097 the Octopode Shapeshifter began the quest for the
                  | Orb.
     0 | D:1      | Reached XP level 1. HP: 13/13 MP: 1/1
    90 | D:1      | Reached XP level 2. HP: 16/18 MP: 2/2
   182 | D:1      | Reached skill level 1 in Stealth
   322 | D:1      | Reached XP level 3. HP: 23/23 MP: 3/3
   558 | D:1      | Found a faded altar of an unknown god.
  1227 | D:3      | Found a broken altar of Ashenzari.
  1366 | D:4      | Reached XP level 4. HP: 28/28 MP: 4/4
  1599 | D:4      | Reached skill level 4 in Unarmed Combat
  1642 | D:4      | Splashed by a jelly's acid

Illustrated notes

Levels and vault maps discovered:
D:1:      sevenhm_arrival_forest_fort_small_3, layout_basic,
          shapermc_ecumenical_altar_starsandcircs, minmay_three_crescents
D:2:      layout_rooms, minmay_misc_feat_square
D:3:      layout_basic, mainiacjoe_overflow_concentric_impassable,
          chequers_garden, minmay_misc_feat_plants
D:4:      layout_basic, mainiacjoe_overflow_surrounded_room,
          lemuel_coloured_pillars_altar, minitemple, hex_tiny,
          grunt_ministairs_10

Skill      XL: |  1  2  3  4 |
---------------+-------------+-----
Stealth        | 1 2 |  2.2
Unarmed Combat | 4 |  4.0
Fighting       | |  1.8
Dodging        | |  2.5
Shapeshifting  | |  3.3

Action                     |  1- 3 |  4- 6 || total
---------------------------+-------+-------++-------
  Melee: Unarmed           |    65 |    23 ||    88
         Constrict         |    13 |     4 ||    17
         Tentacles         |    11 |     4 ||    15
         Punch             |     1 |       ||     1
  Throw: Stone             |     2 |     1 ||     3
         Dart              |       |     6 ||     6
    Use: Potion            |       |     2 ||     2
   Stab: Sleeping          |     4 |     1 ||     5
 Armour: Skin              |    20 |     5 ||    25
  Dodge: Dodged            |    32 |    14 ||    46

Table legend: (Time is in decaauts)
 A = Elapsed time spent in this place.
 B = Non-inter-level travel time spent in this place.
 C = Inter-level travel time spent in this place.
 D = Time resting spent in this place.
 E = Time spent auto-exploring this place.
 F = Levels seen in this place.
 G = Mean time per level.
                   A        B        C        D        E       F      G
               +--------+--------+--------+--------+--------+-----+--------+
         Total |   1634 |   1570 |     64 |     86 |    990 |   4 |  408.5 |
       Dungeon |   1634 |   1570 |     64 |     86 |    990 |   4 |  408.5 |
               +--------+--------+--------+--------+--------+-----+--------+

Top non-repeatable levels by time:
     D:1: 653 daAuts
     D:2: 468 daAuts
     D:4: 285 daAuts
     D:3: 227 daAuts
